 Dungeon Crawl Stone Soup version 0.27-a0-1105-g946c659c87 (webtiles) character file.

Game seed: 2376210731798835644

51 dickylongcocking the Magician (level 3, -16/28 HPs)
             Began as a Djinni Venom Mage on Apr 30, 2021.
             Demolished by an ice beast (19 damage)
             ... on level 2 of the Dungeon.
             The game lasted 00:01:38 (1984 turns).

dickylongcocking the Magician (Djinni Venom Mage)   Turns: 1984, Time: 00:01:39

Health: -16/28     AC:  2    Str:  7    XL:     3   Next: 83%
Gold:   43         EV: 12    Int: 17    God:
                   SH:  0    Dex: 13

rFire    + + .     SeeInvis .   b - +0 dagger
rCold    x . .     Faith    .   (no shield)
rNeg     . . .     Spirit   .   a - +0 robe
rPois    ∞         Reflect  .   (no helmet)
rElec    .         Harm     .   (no cloak)
rCorr    .         Rampage  .   (no gloves)
Will     .....                  (boots unavailable)
Stlth    ++........             (no amulet)
HPRegen  0.09/turn              (no ring)
MPRegen  0.00/turn              (no ring)

@: flying
A: fire resistance 2, cold vulnerability 1, float, innate caster, hp casting,
extra vitality 1
a: no special abilities


You were on level 2 of the Dungeon.
You visited 1 branch of the dungeon, and saw 2 of its levels.

You collected 43 gold pieces.

Inventory:

Hand Weapons
 b - a +0 dagger (weapon)
Missiles
 d - a throwing net
Armour
 a - a +0 robe (worn)
Jewellery
 f - a ring of flight
 g - a ring of see invisible
Scrolls
 c - a scroll of identify {unknown}
 e - a scroll of enchant armour {unknown}


   Skills:
 * Level 1.7 Fighting
 - Level 2.2 Dodging
 - Level 1.8 Stealth
 * Level 3.4 Spellcasting


You couldn't memorise any spells.
You knew the following spells:

 Your Spells              Type           Power      Damage    Failure   Level
a - Sting                 Tmut/Pois      56%        1d5       4%          1
b - Poisonous Vapours     Pois/Air       28%        N/A       6%          2
c - Mephitic Cloud        Conj/Pois/Air  14%        N/A       12%         3
d - Ignite Poison         Fire/Tmut/Pois 14%        N/A       12%         3
e - Olgreb's Toxic Radia  Pois           14%        N/A       38%         4
f - Pain                  Necr           56%        1d6       4%          1
Your spell library was empty.

Dungeon Overview and Level Annotations

Branches:
Dungeon (2/15)

Altars:

Shops:
D:1 [:


Innate Abilities, Weirdness & Mutations

You are immune to poison.
Your flesh is very heat resistant. (rF++)
You are vulnerable to cold. (rC-)
You float through the air rather than walking.
You learn spells naturally, not from books.
Your magical power is your life essence.
You have superior vitality. (+4 HP)


Message History

Aiming: Sting (safe; 4% risk of failure)
Press: ? - help, Shift-Dir - straight line, f/p - ice beast
Aim: an ice beast (lightly wounded, poisoned, 71% to hit)
Okay, then.
Casting: Sting (safe; 4% risk of failure)
Confirm with . or Enter, or press ? or * to list all spells.
Aiming: Sting (safe; 4% risk of failure)
Press: ? - help, Shift-Dir - straight line, f/p - ice beast
Aim: an ice beast (lightly wounded, poisoned, 71% to hit)
The sting hits the ice beast but does no damage.
The ice beast looks even sicker.
The ice beast is lightly wounded.
The ice beast closely misses you.
Unknown command.
The ice beast hits you. The ice beast freezes you!!
You feel a terrible chill!
Ouch! That really hurt!
* * * LOW HITPOINT WARNING * * *
Adjust (i)tems, (s)pells, or (a)bilities?
Okay, then.
Casting: Sting (safe; 4% risk of failure)
Confirm with . or Enter, or press ? or * to list all spells.
You don't have enough health to cast this spell.
Unknown command.
The ice beast looks more healthy.
You aren't carrying any potions.
Unknown command.
Casting: Sting (safe; 4% risk of failure)
Confirm with . or Enter, or press ? or * to list all spells.
Aiming: Sting (safe; 4% risk of failure)
Press: ? - help, Shift-Dir - straight line, f/p - ice beast
Aim: an ice beast (severely wounded, 71% to hit)
The sting hits the ice beast.
The ice beast partially resists.
The ice beast is poisoned.
The ice beast is severely wounded.
* * * LOW HITPOINT WARNING * * *
The ice beast hits you.
* * * LOW HITPOINT WARNING * * *
The ice beast freezes you!!
You feel a terrible chill!
Ouch! That really hurt!
You die...

###............
.............#.. ..
#####.............##. .
....................##.
. ......................
.. ##
#................##.#
..##.#..................
)...................#
................@Y..##.#
...............###.....#
.......<...###..Y......#
...........#
#####........
.....?.....# #########
...........#
..........## .........##
##########


You could see an ice beast (poisoned).

Vanquished Creatures
  Natasha (D:2)
  2 dart slugs
  4 endoplasms
  3 goblins (D:1)
  A hobgoblin (D:2)
  2 kobolds
  2 quokkas (D:1)
  A ball python (D:1)
  2 bats
  3 rats (D:1)
21 creatures vanquished.

Notes
Turn   | Place    | Note
-------+----------+-------------------------------------------
     0 | D:1      | dickylongcocking the Djinni Venom Mage began the quest for
                  | the Orb.
     0 | D:1      | Reached XP level 1. HP: 15/15 MP: 0/0
    73 | D:1      | Found Ajagum's Book Shoppe.
   191 | D:1      | Reached XP level 2. HP: 6/21 MP: 0/0
   192 | D:1      | Reached skill level 3 in Spellcasting
   222 | D:1      | HP: 1/21 [endoplasm (2)]
   733 | D:1      | Found a faded altar of an unknown god.
  1298 | D:1      | Found Kiomasoq's Armour Shoppe.
  1452 | D:2      | Noticed Natasha
  1457 | D:2      | Killed Natasha
  1458 | D:2      | Reached skill level 1 in Fighting
  1458 | D:2      | Reached XP level 3. HP: 18/27 MP: 0/0
  1458 | D:2      | Learned a level 1 spell: Pain
  1940 | D:2      | Noticed an ice beast
  1984 | D:2      | Demolished by an ice beast

Illustrated notes

Levels and vault maps discovered:
D:1:      amcnicky_arrival_abandoned_market, layout_loops_ring, serial_shops,
          shop, nicolae_shop_statue_plus, chequers_ecumenical_altar_simple,
          corner_web_ring
D:2:      layout_rooms, chequers_serial_rivers_micro_a, uniq_natasha

Skill      XL: |  1  2 |
---------------+-------+-----
Spellcasting   | 3 |  3.4
Fighting       | 1 |  1.7
Dodging        | |  2.2
Stealth        | |  1.8

Action                   || total
-------------------------++-------
Melee: Dagger            ||    20
       Unarmed           ||     5
 Cast: Sting             ||    30
       Poisonous Vapours ||     5
 Stab: Sleeping          ||     1
Armor: Robe              ||    13
Dodge: Dodged            ||    39

Table legend: (Time is in decaauts)
 A = Elapsed time spent in this place.
 B = Non-inter-level travel time spent in this place.
 C = Inter-level travel time spent in this place.
 D = Time resting spent in this place.
 E = Time spent auto-exploring this place.
 F = Levels seen in this place.
 G = Mean time per level.
                   A        B        C        D        E       F      G
               +--------+--------+--------+--------+--------+-----+--------+
         Total |   1985 |   1940 |     45 |    861 |    844 |   2 |  992.5 |
       Dungeon |   1985 |   1940 |     45 |    861 |    844 |   2 |  992.5 |
               +--------+--------+--------+--------+--------+-----+--------+

Top non-repeatable levels by time:
     D:1: 1838 daAuts
     D:2: 146 daAuts
